 Dungeon Crawl Stone Soup version 0.28.0-49-g6dfe1f597d (webtiles) character file.

Game seed: 659198378221962776

3719 Exodus22XD the Cleaver (level 9, -1/79 HPs)
             Began as a Minotaur Fighter on May 20, 2022.
             Was a Priest of Trog.
             Slain by Prince Ribbit (11 damage)
             ... on level 8 of the Dungeon.
             The game lasted 00:06:58 (7330 turns).

Exodus22XD the Cleaver (Minotaur Fighter)           Turns: 7330, Time: 00:06:58

Health: -1/79      AC: 13    Str: 24    XL:     9   Next: 92%
Magic:  8/8        EV:  8    Int:  5    God:    Trog [***...]
Gold:   334        SH: 11    Dex: 11    Spells: 8/8 levels left

rFire   . . .      SeeInvis .   a - +0 war axe
rCold   + . .      Faith    .   c - +0 buckler
rNeg    . . .      Spirit   .   d - +1 chain mail {rC+}
rPois   .          Reflect  +   (helmet restricted)
rElec   .          Harm     .   (no cloak)
rCorr   .          Rampage  .   b - +0 pair of gloves
Will    +....                   (no boots)
Stlth   ..........              e - amulet of reflection
HPRegen 0.23/turn               p - ring of willpower
MPRegen 0.11/turn               (no ring)

@: on berserk cooldown, slowed, very slow
A: horns 2, retaliatory headbutt
a: Renounce Religion, Berserk, Trog's Hand


You were on level 8 of the Dungeon.
You worshipped Trog.
Trog was most pleased with you.
You visited 1 branch of the dungeon, and saw 8 of its levels.

You collected 334 gold pieces.

Inventory:

Hand Weapons
 a - a +0 war axe (weapon)
 j - a +1 whip of draining
 k - a +3 flail of holy wrath
 u - a +2 glaive of flaming
Missiles
 n - 3 throwing nets (quivered)
Armour
 b - a +0 pair of gloves (worn)
 c - a +0 buckler (worn)
 d - a +1 chain mail of cold resistance (worn)
Jewellery
 e - an amulet of reflection (around neck)
 p - a ring of willpower (left hand)
 s - an amulet of guardian spirit
Wands
 r - a wand of mindburst (3)
 t - a wand of flame (20)
Scrolls
 g - 3 scrolls of enchant weapon
 h - a scroll of amnesia {unknown}
 i - a scroll of magic mapping {unknown}
 l - 4 scrolls of identify {unknown}
 o - 2 scrolls of teleportation {unknown}
 q - a scroll of blinking {unknown}
 x - a scroll of fog {unknown}
 y - a scroll of enchant armour {unknown}
Potions
 f - a potion of berserk rage {unknown}
 m - 2 potions of might
 v - a potion of mutation {unknown}
 w - a potion of curing {unknown}


   Skills:
 + Level 7.3 Fighting
 + Level 11.1 Axes
 + Level 9.6 Armour
 + Level 8.2 Shields


You had 8 spell levels left.
You didn't know any spells.
Your spell library was empty.

Dungeon Overview and Level Annotations

Branches:
Dungeon (8/15)             Temple (0/1) D:5
   Lair: D:8-11

Altars:
Dithmenos
Kikubaaqudgha
Nemelex Xobeh
Trog
Xom
Zin

Shops:
D:1 (   D:6 *

Annotations:
D:8 Prince Ribbit


Innate Abilities, Weirdness & Mutations

You have a pair of horns on your head.
You reflexively headbutt those who attack you in melee.


Message History

An orc comes into view. It is wielding a +0 flail.
The orc shouts!
Things that are here:
a +2 vampiric dagger; a +0 robe You feel a strong urge to attack something.
You are no longer berserk.
You are exhausted.
You feel yourself slow down. The orc hits you but does no damage.
You barely miss the orc. Your headbutt misses the orc.
You block the orc's attack.
You hit the orc. You headbutt the orc.
You kill the orc!
Trog accepts your kill.
Prince Ribbit comes into view.
Prince Ribbit croaks.
You hear a shout! x2; You hear a howl!
Things that are here:
a +0 flail; a +0 scale mail Prince Ribbit blinks!
You see here a scroll labelled OFYTET SUUQY.
y - a scroll labelled OFYTET SUUQY You slice Prince Ribbit!!
Prince Ribbit is heavily wounded.
Prince Ribbit hits you!
* * * LOW HITPOINT WARNING * * *
Prince Ribbit closely misses you.
You barely miss Prince Ribbit. Your headbutt misses Prince Ribbit.
Prince Ribbit is heavily wounded.
Prince Ribbit blinks!
A howler monkey comes into view.
The howler monkey howls!
Prince Ribbit hits you!
* * * LOW HITPOINT WARNING * * *
The howler monkey hoots and howls with incredible vigour!
You block Prince Ribbit's attack.
An orc comes into view. It is wielding a +0 whip.
You hear a shout! x2
You closely miss Prince Ribbit.
Prince Ribbit is heavily wounded.
Prince Ribbit hits you!
You die...

#.# #############o#####
..............h...#
###.......))......#
..#.........).....#
..#.......).♣♣)...########
..#.........♣............#
###................#.##
###.###.........@###
.....##.........F#
.P♣♣.+...........#
...♣.#########...+ ..P♣.#
#...# ..P..# #...# #.P.##
#...# ....# #.... ...##


You could see Prince Ribbit, a howler monkey (catching breath) and an orc.

Vanquished Creatures
  A two-headed ogre (D:8)
  Maggie (D:7)
  A hornet (D:7)
  Eustachio (D:4)
  Sigmund (D:2)
  Duvessa (D:4)
  2 water moccasins
  An orc warrior (D:6)
  2 sky beasts (D:5)
  An ogre (D:4)
  A necrophage (D:7)
  2 centaurs
  2 phantoms
  A bullfrog (D:7)
  3 scorpions
  A wyvern skeleton (D:5)
  Dowan (D:4)
  3 howler monkeys
  2 centaur zombies
  3 hounds
  A jelly (D:6)
  2 orc priests (D:5)
  2 bullfrog skeletons
  A gnoll shaman (D:4)
  2 iguanas
  6 orc wizards
  A hound zombie (D:5)
  9 gnolls (D:4)
  8 adders
  2 white imps
  2 worms
  2 dart slugs (D:1)
  23 orcs
  9 endoplasms
  5 giant cockroaches
  2 goblins
  5 hobgoblins
  2 jackals (D:2)
  8 kobolds
  8 quokkas
  13 ball pythons
  2 bats
  5 frilled lizards
  10 rats
161 creatures vanquished.

Vanquished Creatures (others)
  5 plants (D:3)
5 creatures vanquished.

Grand Total: 166 creatures vanquished

Notes
Turn   | Place    | Note
-------+----------+-------------------------------------------
     0 | D:1      | Exodus22XD the Minotaur Fighter began the quest for the
                  | Orb.
     0 | D:1      | Reached XP level 1. HP: 19/19 MP: 0/0
   280 | D:1      | Reached XP level 2. HP: 27/27 MP: 1/1
   290 | D:1      | Found a faded altar of an unknown god.
   303 | D:1      | Prayed at the altar of an unknown god.
   303 | D:1      | Became a worshipper of Trog the Wrathful
   303 | D:1      | Reached * piety under Trog
   591 | D:1      | Found Ruxiluxe's Weapon Shoppe.
   726 | D:1      | Reached XP level 3. HP: 33/33 MP: 2/2
   975 | D:2      | Reached skill level 3 in Axes
   991 | D:1      | Reached ** piety under Trog
  1012 | D:2      | Noticed Sigmund
  1018 | D:2      | Killed Sigmund
  1019 | D:2      | Reached skill level 4 in Axes
  1019 | D:2      | Reached XP level 4. HP: 41/41 MP: 3/3
  1019 | D:2      | Reached XP level 5. HP: 47/47 MP: 4/4
  1153 | D:2      | Found a bloodstained altar of Trog.
  1188 | D:2      | Reached skill level 5 in Axes
  1497 | D:3      | Reached skill level 5 in Armour
  1549 | D:3      | Reached XP level 6. HP: 48/50 MP: 5/5
  1768 | D:3      | Found a sparkling altar of Nemelex Xobeh.
  1922 | D:3      | Reached *** piety under Trog
  2363 | D:4      | Reached skill level 6 in Axes
  2367 | D:4      | Reached skill level 5 in Shields
  2380 | D:4      | Reached skill level 5 in Fighting
  2380 | D:4      | Reached XP level 7. HP: 22/61 MP: 6/6
  2962 | D:4      | Noticed Dowan
  2963 | D:4      | Noticed Duvessa
  2978 | D:4      | Killed Duvessa
  2978 | D:4      | Killed Dowan
  2979 | D:4      | Reached skill level 7 in Axes
  3327 | D:4      | Noticed Eustachio
  3340 | D:4      | Killed Eustachio
  3350 | D:4      | Reached XP level 8. HP: 29/69 MP: 7/7
  3679 | D:5      | Entered Level 5 of the Dungeon
  3716 | D:5      | Found a staircase to the Ecumenical Temple.
  3855 | D:5      | Reached skill level 8 in Axes
  4262 | D:5      | Found a shimmering altar of Xom.
  4606 | D:5      | Reached skill level 9 in Axes
  4886 | D:6      | Reached **** piety under Trog
  4955 | D:6      | Found a glowing silver altar of Zin.
  5391 | D:6      | Reached XP level 9. HP: 53/78 MP: 8/8
  5651 | D:6      | Found Suyzaoceox's Assorted Antiques.
  6001 | D:7      | Found a shadowy altar of Dithmenos.
  6012 | D:7      | Reached skill level 10 in Axes
  6112 | D:7      | Noticed Maggie
  6122 | D:7      | Killed Maggie
  7291 | D:8      | Found an ancient bone altar of Kikubaaqudgha.
  7303 | D:8      | Noticed a two-headed ogre
  7311 | D:8      | Killed a two-headed ogre
  7312 | D:8      | Reached skill level 11 in Axes
  7319 | D:8      | Noticed Prince Ribbit
  7330 | D:8      | Slain by Prince Ribbit

Illustrated notes

Levels and vault maps discovered:
D:1:      dpeg_arrival_connections, layout_basic, serial_shops,
          nicolae_shop_bloodbath_and_beyond, hellmonk_ecumenical_altar_blasted
D:2:      layout_rooms, basic_altar, uniq_sigmund
D:3:      layout_rooms, nemelex_xobeh_ov_fountains_minmay,
          minmay_shallow_snake_nest
D:4:      layout_cave_pods, uniq_duvessa, uniq_eustachio
D:5:      layout_gridville, mainiacjoe_overflow_24_doors,
          minmay_temple_entry_proselytizer
D:6:      layout_loops_ring, mainiacjoe_overflow_concentric_impassable,
          serial_shops, kennysheep_mini
D:7:      layout_cave_pods, nicolae_dithmenos_the_darkroom, uniq_maggie
D:8:      layout_basic, kennysheep_little_box, kiku_gazebo_garden_becter,
          special_room [special_room_orc], uniq_pikel, uniq_prince_ribbit1

Skill      XL: |  1  2  3  4  5  6  7  8  9 |
---------------+----------------------------+-----
Armour         | 4 5 6 7 9 |  9.6
Fighting       | 4 5 6 7 |  7.3
Shields        | 4 5 6 8 |  8.2
Axes           | 4 5 6 7 9 11 | 11.1

Action                   |  1- 3 |  4- 6 |  7- 9 || total
-------------------------+-------+-------+-------++-------
Melee: War axe           |    65 |   110 |   265 ||   440
       Headbutt          |     6 |    17 |    41 ||    64
Invok: Berserk           |     1 |     1 |     4 ||     6
  Use: Potion            |       |       |     1 ||     1
       Scroll            |       |       |     1 ||     1
Armor: Scale mail        |    20 |    36 |       ||    56
       Chain mail        |       |    16 |   126 ||   142
Dodge: Dodged            |    22 |    35 |    70 ||   127
Block: Buckler           |    27 |    49 |   133 ||   209
       Reflection        |       |       |     6 ||     6
